Map: Gresvan LE

Players

Galeforce - Winner!

  • Race: Protoss Protoss
  • League: Master
  • Spawn Location: 11:00

llllllllllll

  • Race: Terran Terran
  • League: Grandmaster
  • Spawn Location: 5:00

VOD

Have the link to the VOD?

Description

Time

  • Played on: Aug. 30, 2023, 11:01 p.m.
  • Length: 12:50
Show
View Real Time Build Order
Export as new Build Order

Galeforce Protoss - Winner!

Build Orders: 1 Gate Expand, Phoenix Opening, Colossus Rush 

Get SALT Encoding   

  12  0:00  Probe  
  13  0:12  Probe  
  14  0:17  Pylon  
  14  0:24  Probe (Chrono Boost)  
  15  0:37  Probe (Chrono Boost)  
  15  0:38  Gateway  
  15  0:42  Probe (Chrono Boost)  
  16  0:46  Assimilator  
  17  0:53  Probe  
  18  1:05  Probe  
  19  1:18  Probe  
  20  1:25  Nexus  
  20  1:40  Cybernetics Core  
  20  1:42  Probe  
  20  1:44  Assimilator  
  21  1:52  Pylon  
  21  1:54  Probe  
  22  2:06  Probe  
  23  2:15  Adept (Chrono Boost)  
  23  2:18  Stargate, Probe  
  26  2:22  Warp Gate  
  26  2:31  Probe (Chrono Boost)  
  27  2:38  Adept  
  27  2:41  Probe (Chrono Boost)  
  31  2:48  Probe (Chrono Boost)  
  31  2:50  Probe (Chrono Boost)  
  32  2:55  Probe x2 (Chrono Boost)  
  34  3:01  Phoenix (Chrono Boost)  
  36  3:07  Probe  
  36  3:10  Probe, Robotics Facility  
  38  3:17  Gateway  
  38  3:19  Probe  
  39  3:22  Probe  
  40  3:27  Gateway  
  40  3:31  Probe  
  41  3:34  Probe  
  41  3:35  Assimilator  
  41  3:37  Assimilator  
  41  3:39  Pylon  
  42  3:43  Probe  
  43  3:56  Probe x2  
  43  3:58  Observer  
  43  4:02  Pylon  
  46  4:05  Phoenix  
  46  4:08  Robotics Bay  
  48  4:10  Probe x2  
  50  4:22  Immortal, Probe x2  
  56  4:34  Probe x2  
  56  4:35  Sentry  
  56  4:37  Phoenix, Shield Battery  
  62  4:45  Pylon  
  62  4:56  Pylon  
  62  5:00  Colossus (Chrono Boost)  
  62  5:03  Probe x2  
  70  5:11  Pylon  
  70  5:12  Gateway  
  70  5:16  Sentry  
  70  5:17  Zealot  
  74  5:22  Probe x2  
  76  5:35  Probe x2  
  74  5:37  Colossus (Chrono Boost)  
  80  5:49  Probe x2, Nexus  
  82  5:56  Twilight Council  
  82  6:01  Probe x2  
  82  6:03  Observer  
  82  6:13  Probe x2, Forge  
  82  6:14  Gateway  
  84  6:20  Phoenix  
  84  6:24  Pylon  
  86  6:28  Pylon  
  86  6:35  Extended Thermal Lance  
  86  6:41  Colossus  
  86  6:42  Pylon, Probe x2  
  86  6:43  Shield Battery  
  94  6:50  Phoenix  
  96  6:55  Charge, Protoss Ground Weapons Level 1  
  96  6:59  Templar Archives  
  96  7:01  Probe  
  96  7:02  Probe  
  96  7:04  Probe  
  99  7:13  Probe  
  99  7:14  Probe  
  101  7:16  Probe  
  102  7:26  Probe x2  
  102  7:28  Probe  
  105  7:32  Assimilator  
  105  7:33  Assimilator  
  111  7:37  Gateway  
  111  7:38  Disruptor (Chrono Boost), Gateway  
  111  7:40  Gateway  
  111  7:42  Pylon  
  111  7:43  Zealot x4  
  116  7:45  Probe x3  
  119  7:57  Probe  
  120  8:02  Gateway  
  120  8:03  Gateway  
  120  8:05  Gateway, Nexus  
  120  8:10  Disruptor  
  123  8:15  Pylon, Probe  
  123  8:16  Probe x2  
  126  8:39  High Templar x6  
  126  8:41  Zealot  
  139  8:43  Archon x2  
  139  8:44  Archon  
  139  8:46  Probe x2  
  141  8:52  Pylon  
  141  9:02  Pylon  
  141  9:03  Pylon x2  
  141  9:10  Disruptor, Probe  
  141  9:13  Protoss Ground Weapons Level 2 (Chrono Boost)  
  145  9:18  Forge  
  145  9:20  Blink  
  145  9:22  Stalker x2, Robotics Facility  
  145  9:23  Stalker x3  
  155  9:25  Zealot x3  
  155  9:26  Zealot x2  
  155  9:28  Assimilator  
  165  9:32  Assimilator  
  165  9:42  Robotics Facility  
  165  9:45  Shield Battery  
  165  9:46  Zealot x7  
  179  9:59  Zealot  
  181  10:00  Zealot x2  
  183  10:09  Zealot x2  
  187  10:14  Pylon  
  187  10:15  Pylon x2  
  187  10:17  Pylon  
  187  10:18  Pylon  
  156  10:29  Stalker  
  156  10:30  Stalker x4  
  141  10:43  Stalker x4  
  133  10:56  Disruptor (Chrono Boost)  
  122  11:00  Stalker x6  
  134  11:11  Stalker x4  
  142  11:21  Nexus  
  145  11:25  Disruptor (Chrono Boost)  
  145  11:26  Pylon  
  145  11:28  Zealot x4  
  145  11:29  Stalker x2  
  145  11:30  Warp Prism (Chrono Boost)  
  159  11:48  Zealot x6  
  159  11:53  Zealot  
  169  11:58  Zealot  
  169  11:59  Zealot x2  
Show
View Real Time Build Order
Export as new Build Order

llllllllllll Terran 

Build Orders: Reaper Expand 

Get SALT Encoding   

  12  0:00  SCV  
  13  0:12  SCV  
  14  0:17  Supply Depot  
  14  0:24  SCV  
  15  0:38  SCV  
  15  0:40  Barracks  
  16  0:43  Refinery  
  16  0:50  SCV  
  17  1:03  SCV  
  18  1:15  SCV  
  19  1:26  Reaper  
  19  1:27  Orbital Command  
  20  1:43  Command Center  
  20  1:50  Supply Depot  
  20  1:53  SCV  
  21  1:58  Marine  
  22  2:05  SCV  
  23  2:13  Bunker  
  23  2:16  Barracks Reactor  
  23  2:18  SCV  
  24  2:23  Barracks  
  24  2:30  SCV  
  24  2:34  Barracks  
  25  2:42  SCV  
  26  2:54  SCV, Marine x2  
  26  2:55  Orbital Command  
  29  3:06  SCV  
  29  3:09  Barracks Tech Lab  
  29  3:12  Marine x2  
  32  3:18  SCV  
  32  3:19  Engineering Bay  
  33  3:20  Barracks Tech Lab  
  33  3:26  SCV  
  34  3:29  Marine x3  
  34  3:30  SCV, Stimpack  
  38  3:34  Supply Depot  
  38  3:39  Combat Shield, Marine  
  39  3:42  SCV x2  
  39  3:47  Marine x2  
  43  3:49  Marine  
  43  3:53  Terran Infantry Weapons Level 1  
  43  3:56  SCV x2, Marine  
  43  4:00  Supply Depot  
  46  4:05  Marine x2  
  46  4:07  Marine  
  46  4:09  SCV x2  
  51  4:12  Supply Depot  
  51  4:14  Marine  
  52  4:20  Supply Depot  
  52  4:21  SCV x2  
  52  4:23  Marine x2  
  56  4:25  Marine  
  57  4:32  Marine  
  57  4:33  SCV x2  
  57  4:35  Supply Depot, Refinery  
  57  4:36  Refinery  
  60  4:41  Marine x2  
  60  4:43  Marine  
  63  4:47  SCV  
  63  4:48  SCV  
  63  4:50  Marine  
  66  4:53  Factory  
  66  4:55  Refinery  
  66  4:58  Marine  
  66  4:59  Supply Depot, Marine  
  68  5:00  Marine  
  68  5:01  SCV, Supply Depot  
  68  5:03  SCV  
  71  5:08  Marine  
  72  5:15  SCV  
  72  5:16  SCV, Marine x2  
  72  5:18  Marine  
  77  5:25  Marine  
  75  5:34  Marine x2  
  72  5:36  Marine  
  72  5:39  Factory Reactor, Starport  
  72  5:42  SCV x2  
  75  5:43  Marine  
  75  5:51  Command Center  
  75  5:52  Marauder, Marine  
  75  5:54  Marine  
  75  5:55  SCV x2  
  81  5:57  Terran Infantry Armor Level 1  
  81  6:02  Marauder, Barracks  
  77  6:04  Barracks  
  75  6:14  Marauder  
  75  6:15  Marine x2  
  79  6:18  SCV  
  79  6:19  SCV  
  79  6:23  Marauder, Medivac x2  
  79  6:24  Concussive Shells  
  87  6:33  Marine  
  87  6:34  Marine  
  87  6:35  Marauder  
  87  6:37  SCV x2  
  93  6:43  Ghost Academy  
  93  6:44  Marauder  
  95  6:50  Supply Depot, Barracks Tech Lab  
  95  6:51  Supply Depot, Marine x2  
  95  6:52  Supply Depot, Barracks Tech Lab  
  97  6:54  Medivac  
  97  6:55  Medivac  
  97  6:58  Armory  
  101  7:02  Engineering Bay  
  101  7:04  SCV x2  
  103  7:16  SCV x2, Ghost  
  103  7:17  Ghost  
  109  7:25  Orbital Command  
  109  7:29  SCV x2  
  111  7:30  Ghost  
  111  7:33  Marine  
  111  7:34  Marine  
  115  7:42  Refinery  
  115  7:44  Terran Infantry Weapons Level 2  
  115  7:46  Refinery  
  115  7:49  SCV x2  
  119  7:51  Marauder x2  
  119  7:53  Marauder  
  119  7:54  Marine  
  119  7:55  Marine  
  125  8:02  SCV  
  125  8:03  SCV x2  
  125  8:05  Terran Infantry Armor Level 2  
  128  8:12  Supply Depot  
  128  8:15  Bunker  
  128  8:19  Marauder x2  
  132  8:20  Supply Depot  
  132  8:21  Marauder  
  132  8:23  Marauder  
  132  8:26  Marine  
  132  8:27  Marine  
  137  8:33  Supply Depot  
  138  8:34  Supply Depot  
  135  8:47  Marauder x4, Marine x2  
  145  8:52  Liberator  
  145  8:53  Liberator  
  151  9:07  Barracks  
  151  9:08  Barracks, Marauder  
  152  9:10  Barracks  
  152  9:12  Marauder  
  152  9:13  Marauder  
  152  9:14  Marauder  
  158  9:35  Marauder, Liberator x2, Command Center  
  158  9:37  Marauder  
  168  9:40  Marauder  
  168  9:45  Marauder, Marine  
  173  9:59  Marine  
  173  10:04  Marine  
  173  10:05  Marine  
  173  10:06  Marauder  
  173  10:11  Marauder x2, Marine x3  
  173  10:12  Terran Infantry Weapons Level 3  
  180  10:17  Marine  
  175  10:23  Marauder  
  175  10:27  Liberator x2  
  175  10:28  Marauder  
  156  10:36  Marine x4  
  156  10:37  Marauder x2, Marine  
  141  10:44  Marauder  
  141  10:49  Marauder  
  116  10:54  Marine x5  
  103  10:58  Marauder, Marine  
  104  11:05  Marine  
  104  11:10  Liberator x2, Marine  
  112  11:12  Marine x4  
  112  11:16  Marauder  
  118  11:19  Marauder  
  118  11:23  Marauder  
  122  11:28  Marauder  
  124  11:37  Marauder  
  124  11:39  Missile Turret  
  125  11:41  Marauder  
  125  11:42  Barracks Tech Lab x2  
  125  11:43  Barracks Reactor  
  125  11:45  Marauder  
  129  11:48  Marine x2  
  129  11:50  Marauder  
  131  11:55  Planetary Fortress  
  131  11:58  SCV x3  
  131  11:59  Marauder  
  136  12:02  Liberator, Marine  
  136  12:03  Liberator  
  136  12:04  Marauder  
  136  12:05  Marauder  
  136  12:06  Marauder  
  149  12:11  Marauder  
  151  12:18  Marine x2  
  151  12:19  Marine x2  
  151  12:21  Marauder x2  
  159  12:26  Marauder x2  
  159  12:27  Marauder  
Tags
 
Add a new tag
Caveats
  • Supply blocks, unpowered buildings, or Contaminate may cause inaccurate times.
  • Supply counts are checked every 10 seconds.